 Dungeon Crawl Stone Soup version 0.20.0-15-g7f486f2 (webtiles) character file.

2125 spinkules the Cleaver (level 9, -6/51 HPs)
             Began as a Gargoyle Berserker on June 27, 2017.
             Was a Priest of Trog.
             Mangled by Trampli's ghost (13 damage)
             ... on level 7 of the Dungeon.
             The game lasted 00:18:25 (5891 turns).

spinkules the Cleaver (Gargoyle Berserker)          Turns: 5891, Time: 00:18:26

Health: -6/51      AC: 19    Str: 20    XL:     9   Next: 29%
Magic:  18/18      EV:  6    Int:  9    God:    Trog [***...]
Gold:   158        SH:  0    Dex: 12    Spells: 8/8 levels left

rFire    . . .     SeeInvis .   a - +0 hand axe
rCold    + . .     Gourm    .   (no shield)
rNeg     + . .     Faith    .   w - +0 plate armour
rPois    ∞         Spirit   .   p - +1 helmet
rElec    +         Reflect  .   (no cloak)
rCorr    .         Harm     .   (no gloves)
MR       .....                  z - +0 pair of boots
Stlth    ..........             (no amulet)
Regen    0.2/turn               x - ring of protection from cold
MPRegen  0.2/turn               i - ring of magical power (curse)

@: berserk cooldown, slowed, very slow
A: negative energy resistance 1, electricity resistance, unbreathing,
petrification resistance, rot immunity, AC +5
a: Berserk, Trog's Hand, Burn Spellbooks, Renounce Religion


You were on level 7 of the Dungeon.
You worshipped Trog.
Trog was most pleased with you.
You were not hungry.

You visited 1 branch of the dungeon, and saw 7 of its levels.

You collected 221 gold pieces.
You spent 63 gold pieces at shops.

Inventory:

Hand Weapons
 a - a +0 hand axe (weapon)
Armour
 b - a +0 animal skin
 p - a +1 helmet (worn)
 w - a +0 plate armour (worn)
 z - a +0 pair of boots (worn)
Jewellery
 i - a cursed ring of magical power (right hand)
 t - an uncursed ring of protection from magic
 x - a ring of protection from cold (left hand)
 B - a +3 ring of strength {unknown}
 C - an uncursed amulet of magic regeneration {unknown}
 K - a cursed ring of teleportation {unknown}
Scrolls
 d - a scroll of amnesia
 h - 7 scrolls of identify {unknown}
 j - a scroll of random uselessness {unknown}
 k - 2 scrolls of remove curse {unknown}
 o - a scroll of fog {unknown}
 r - a scroll of magic mapping {unknown}
 s - a scroll of immolation {unknown}
 u - a scroll of noise {unknown}
 y - 2 scrolls of teleportation {unknown}
 D - a scroll of recharging {unknown}
 E - a scroll of enchant weapon {unknown}
 F - a scroll of enchant armour {unknown}
 G - a scroll of brand weapon {unknown}
 H - a scroll of torment {unknown}
 J - a scroll of summoning {unknown}
Potions
 e - 3 potions of lignification {unknown}
 l - 2 potions of curing {unknown}
 m - 3 potions of mutation {unknown}
 n - a potion of degeneration {unknown}
 q - 2 potions of haste {unknown}
 v - a potion of might {unknown}
 A - a potion of brilliance {unknown}
 I - a potion of ambrosia {unknown}
 L - 2 potions of heal wounds {unknown}
Comestibles
 c - 3 bread rations
 f - 4 meat rations
 g - 5 royal jellies
 M - 5 chunks of flesh


   Skills:
 - Level 3.2 Fighting
 + Level 11.2 Axes
 - Level 2.1 Armour
 - Level 1.5 Dodging


You had 8 spell levels left.
You didn't know any spells.

Dungeon Overview and Level Annotations

Branches:
Dungeon (7/15)             Temple (0/1) D:5

Altars:
Cheibriados
Elyvilon
Hepliaklqana
Nemelex Xobeh
Okawaru
Yredelemnul
Zin

Shops:
D:4 [

Annotations:
D:7 Trampli's ghost, novice HOFi


Innate Abilities, Weirdness & Mutations

You are resistant to torment.
Your stone body is resilient. (AC +5)
You are immune to poison.
You resist negative energy. (rN+)
You are resistant to electric shocks. (rElec)
You can survive without breathing.
You are immune to petrification.
You are immune to rotting.


Message History

You are too injured to fight recklessly!
You are too injured to fight recklessly!
You are too injured to fight recklessly!
You are too injured to fight recklessly!
You are too injured to fight recklessly!
You are too injured to fight recklessly!
You are too injured to fight recklessly!
You are too injured to fight recklessly!
You are too injured to fight recklessly!
You hit Trampli's ghost.
Trampli's ghost is almost destroyed.
Trampli's ghost hits you but does no damage.
You hit Trampli's ghost.
Trampli's ghost is almost destroyed.
Trampli's ghost hits you!
* * * LOW HITPOINT WARNING * * *
You hit Trampli's ghost but do no damage.
Trampli's ghost is almost destroyed.
Trampli's ghost hits you!
You die...

.......$....
#..........
#.........###
#...........
#.........#
#........#
##...)....#
#.....)..##
.......W@..#
......###..#
###.## ..# #
#... ...#
...# ...# ...


You could see Trampli's ghost.

Vanquished Creatures
  2 sky beasts
  A black bear (D:6)
  4 ogres
  2 phantoms
  A necrophage (D:6)
  2 centaurs
  A scorpion (D:6)
  6 killer bees (D:6)
  A howler monkey (D:5)
  2 crimson imps (D:6)
  A bullfrog zombie (D:5)
  A centaur zombie (D:6)
  3 hounds
  3 bullfrog skeletons
  A quasit (D:5)
  3 orc wizards (D:6)
  An iguana (D:4)
  3 worker ants
  The ghost of Overlord the Ruffian, a weakling DrTm (D:4)
  A hound zombie (D:6)
  A gnoll (D:1)
  9 adders
  2 shadow imps
  An ooze (D:6)
  A worm (D:5)
  5 dart slugs
  6 leopard geckos
  8 orcs
  A ball python (D:5)
  6 bats
  3 giant cockroaches
  8 goblins
  5 hobgoblins
  4 jackals (D:5)
  2 quokkas (D:5)
  A frilled lizard (D:1)
  4 kobolds (D:1)
  3 rats
110 creatures vanquished.

Notes
Turn   | Place    | Note
-------+----------+-------------------------------------------
     0 | D:1      | spinkules the Gargoyle Berserker began the quest for the Orb.
     0 | D:1      | Reached XP level 1. HP: 14/14 MP: 1/1
   200 | D:1      | Reached skill level 3 in Axes
   221 | D:1      | Reached XP level 2. HP: 6/19 MP: 2/2
   615 | D:1      | Reached XP level 3. HP: 23/23 MP: 3/3
   747 | D:1      | Reached skill level 4 in Axes
  1418 | D:2      | Found an iron altar of Okawaru.
  1496 | D:2      | Reached XP level 4. HP: 16/28 MP: 4/4
  2165 | D:3      | Reached skill level 5 in Axes
  2201 | D:3      | Reached ** piety under Trog
  2201 | D:3      | Reached XP level 5. HP: 30/32 MP: 5/5
  2626 | D:4      | Found Nolyv's Armour Shoppe.
  2650 | D:4      | Bought a +0 pair of boots for 63 gold pieces
  2790 | D:4      | Noticed Overlord's ghost (weakling DrTm)
  2801 | D:4      | Killed Overlord's ghost
  2802 | D:4      | Found a glowing silver altar of Zin.
  2984 | D:4      | Found a basalt altar of Yredelemnul.
  3066 | D:4      | Found a white marble altar of Elyvilon.
  3135 | D:4      | Noticed an ogre
  3140 | D:4      | Killed an ogre
  3140 | D:4      | Reached skill level 6 in Axes
  3140 | D:4      | Reached XP level 6. HP: 37/37 MP: 6/6
  3175 | D:4      | Found a sparkling altar of Nemelex Xobeh.
  3502 | D:5      | Entered Level 5 of the Dungeon
  3738 | D:5      | Found a staircase to the Ecumenical Temple.
  3760 | D:5      | Reached skill level 7 in Axes
  3760 | D:5      | Reached XP level 7. HP: 41/41 MP: 7/7
  4424 | D:5      | Reached skill level 8 in Axes
  4478 | D:5      | Found a hazy altar of Hepliaklqana.
  4639 | D:6      | Reached XP level 8. HP: 33/46 MP: 8/8
  4796 | D:6      | Found a snail-covered altar of Cheibriados.
  4896 | D:6      | Reached skill level 9 in Axes
  5131 | D:6      | Reached *** piety under Trog
  5156 | D:6      | Reached skill level 10 in Axes
  5525 | D:6      | Reached XP level 9. HP: 51/51 MP: 9/9
  5689 | D:6      | Reached skill level 11 in Axes
  5832 | D:7      | Noticed Trampli's ghost (novice HOFi)
  5891 | D:7      | Mangled by Trampli's ghost

Skill      XL: |  1  2  3  4  5  6  7  8  9 |
---------------+----------------------------+-----
Axes           | 3 4 5 6 7 8 10 11 | 11.2
Fighting       | |  3.2
Armour         | |  2.1
Dodging        | |  1.5

Action                   |  1- 3 |  4- 6 |  7- 9 || total
-------------------------+-------+-------+-------++-------
Melee: Hand axe          |   102 |   187 |   468 ||   757
Invok: Berserk           |     1 |     4 |     8 ||    13
       Trog's Hand       |       |       |     1 ||     1
  Use: Scroll            |       |     1 |       ||     1
  Eat: Chunk             |     3 |     6 |     7 ||    16
       Bread ration      |       |     1 |     2 ||     3
Armor: Animal skin       |    37 |    37 |       ||    74
       Plate armour      |       |    88 |   320 ||   408
Dodge: Dodged            |    69 |    90 |   114 ||   273
